HBL
DANVILLE DAIRY DADDIES @ BROOKLYN CYCLONES
04/03/1997
 
TOP OF THE 1ST
Danville Dairy Daddies batting - Pitching for Brooklyn Cyclones : RHP Jim Mecir
Pitching: RHP Jim Mecir
Batting: SHB Joey Cora 0-0: Fly out, F8 (Line Drive, 8RD, EV 91.9 MPH)
Batting: RHB Mike Blowers 0-0: Foul Ball, location: 2F
0-1: DOUBLE (Flyball, 8LXD, EV 101.3 MPH)
Batting: LHB David Ortiz 0-0: Swinging Strike
0-1: Called Strike
0-2: Strikes out looking
Batting: LHB Brant Brown 0-0: Fly out, F7 (Line Drive, 7D, EV 91.9 MPH)
Top of the 1st over - 0 runs, 1 hit, 0 errors, 1 left on base; Danville 0 - Brooklyn 0
BOTTOM OF THE 1ST
Brooklyn Cyclones batting - Pitching for Danville Dairy Daddies : RHP Cal Eldred
Pitching: RHP Cal Eldred
Batting: RHB Onix Concepcion 0-0: Fly out, F9 (Flyball, 89M, EV 83.1 MPH)
Batting: LHB Ray Giannelli 0-0: Called Strike
0-1: Ball
1-1: Ground out 4-3 (Groundball, 34, EV 86.3 MPH)
Batting: RHB Jed Hansen 0-0: Swinging Strike
0-1: Ball
1-1: Foul Ball, location: 2F
1-2: Fly out, F9 (Flyball, 9D, EV 94.4 MPH)
Bottom of the 1st over - 0 runs, 0 hits, 0 errors, 0 left on base; Danville 0 - Brooklyn 0
TOP OF THE 2ND
Danville Dairy Daddies batting - Pitching for Brooklyn Cyclones : RHP Jim Mecir
Batting: LHB Rusty Greer 0-0: Foul Ball, location: 2F
0-1: Ball
1-1: Called Strike
1-2: Ball
2-2: Fly out, F9 (Flyball, 9S, EV 78.1 MPH)
Batting: RHB Kevin Polcovich 0-0: Ball
1-0: Swinging Strike
1-1: Hit by Pitch
Batting: RHB Erik Pappas 0-0: Ball
1-0: Ball
2-0: Ball
3-0: Base on Balls
Kevin Polcovich to second
Batting: RHB Takahiro Ikeyama 0-0: Ball
1-0: Ball
2-0: Called Strike
2-1: Foul Ball, location: 2F
2-2: Foul Ball, location: 2F
2-2: Fly out, F7 (Flyball, 7S, EV 95.0 MPH)
Batting: RHB Shawn Gilbert 0-0: Called Strike
0-1: Ground out 2-3 (Groundball, 13S, EV 71.3 MPH)
Top of the 2nd over - 0 runs, 0 hits, 0 errors, 2 left on base; Danville 0 - Brooklyn 0
BOTTOM OF THE 2ND
Brooklyn Cyclones batting - Pitching for Danville Dairy Daddies : RHP Cal Eldred
Batting: SHB Turner Ward 0-0: Foul Ball, location: 2F
0-1: Ball
1-1: Ball
2-1: Foul Ball, location: 2F
2-2: Ball
3-2: Ground out 6-3 (Groundball, 6MS, EV 75.6 MPH)
Batting: RHB Brent Cookson 0-0: Foul Ball, location: 2F
0-1: Ground out 1-3 (Groundball, 25, EV 64.4 MPH)
Batting: RHB Pedro Castellano 0-0: Ball
1-0: Ball
2-0: Called Strike
2-1: Ball
3-1: Called Strike
3-2: Base on Balls
Batting: RHB Mike R. Fitzgerald 0-0: Called Strike
Pickoff Throw to First - Error! E1
Pedro Castellano to second
0-1: Foul Ball, location: 2F
0-2: Foul Ball, location: 2F
0-2: Ball
1-2: Foul Ball, location: 2F
1-2: Ball
2-2: Foul Ball, location: 2F
2-2: Foul Ball, location: 2F
2-2: Foul Ball, location: 2F
2-2: Ground out 4-3 (Groundball, 4, EV 83.8 MPH)
Bottom of the 2nd over - 0 runs, 0 hits, 1 error, 1 left on base; Danville 0 - Brooklyn 0
TOP OF THE 3RD
Danville Dairy Daddies batting - Pitching for Brooklyn Cyclones : RHP Jim Mecir
Batting: SHB Joey Cora 0-0: Foul Ball, location: 2F
0-1: Ball
1-1: Called Strike
1-2: Fly out, F8 (Flyball, 89M, EV 79.4 MPH)
Batting: RHB Mike Blowers 0-0: SINGLE (Groundball, 5S, EV 64.4 MPH) (infield hit)
Batting: LHB David Ortiz 0-0: Ball
1-0: Ball
2-0: Called Strike
2-1: Called Strike
2-2: Grounds into double play, 4-6-3 (Groundball, 4, EV 83.8 MPH)
Top of the 3rd over - 0 runs, 1 hit, 0 errors, 0 left on base; Danville 0 - Brooklyn 0
BOTTOM OF THE 3RD
Brooklyn Cyclones batting - Pitching for Danville Dairy Daddies : RHP Cal Eldred
Batting: RHB Alan Cockrell 0-0: Called Strike
0-1: Foul Ball, location: 2F
0-2: Ball
1-2: Ball
2-2: Strikes out swinging
Batting: RHB Kevin Flora 0-0: Ball
1-0: Ball
2-0: Ball
3-0: Called Strike
3-1: Base on Balls
Batting: RHB Onix Concepcion 0-0: Foul Ball, location: 2F
0-1: Ball
1-1: Fly out, F6 (Popup, 6S, EV 79.4 MPH)
Batting: LHB Ray Giannelli 0-0: Called Strike
0-1: Ball
1-1: Ball
2-1: Ball
3-1: Called Strike
3-2: SINGLE (Line Drive, 56, EV 97.5 MPH)
Kevin Flora to second
Kevin Flora to third
Batting: RHB Jed Hansen 0-0: Fielders Choice at 2nd, 5-4 (Groundball, 5, EV 77.5 MPH)
Bottom of the 3rd over - 0 runs, 1 hit, 0 errors, 2 left on base; Danville 0 - Brooklyn 0
TOP OF THE 4TH
Danville Dairy Daddies batting - Pitching for Brooklyn Cyclones : RHP Jim Mecir
Batting: LHB Brant Brown 0-0: Called Strike
0-1: Ball
1-1: Ball
2-1: Ground out 6-3 (Groundball, 6MS, EV 76.3 MPH)
Batting: LHB Rusty Greer 0-0: Ball
1-0: Ball
2-0: Called Strike
2-1: Foul Ball, location: 2F
2-2: Ball
3-2: SINGLE (Line Drive, 78S, EV 94.4 MPH)
Batting: RHB Kevin Polcovich 0-0: Called Strike
0-1: Fielders Choice at 2nd, 6-4 (Groundball, 6, EV 85.6 MPH)
Batting: RHB Erik Pappas 0-0: Ball
1-0: Foul Ball, location: 2F
1-1: Ball
2-1: Foul Ball, location: 2F
2-2: Ball
3-2: Base on Balls
Kevin Polcovich to second
Batting: RHB Takahiro Ikeyama 0-0: Ball
1-0: Foul Ball, location: 2F
1-1: Swinging Strike
1-2: Fly out, F7 (Flyball, 78D, EV 96.9 MPH)
Top of the 4th over - 0 runs, 1 hit, 0 errors, 2 left on base; Danville 0 - Brooklyn 0
BOTTOM OF THE 4TH
Brooklyn Cyclones batting - Pitching for Danville Dairy Daddies : RHP Cal Eldred
Batting: SHB Turner Ward 0-0: Called Strike
0-1: Ball
1-1: Called Strike
1-2: Foul Ball, location: 2F
1-2: Foul Ball, location: 2F
1-2: Strikes out swinging
Batting: RHB Brent Cookson 0-0: Ball
1-0: Ball
2-0: DOUBLE (Line Drive, 9LS, EV 96.3 MPH)
Batting: RHB Pedro Castellano 0-0: Fly out, F8 (Flyball, 8LM, EV 89.4 MPH)
Runner from 2nd tags up, SAFE at 3rd with throw by CF
Batting: RHB Mike R. Fitzgerald 0-0: Ball
1-0: SINGLE (Groundball, 56D, EV 98.1 MPH)
Brent Cookson scores
Batting: RHB Alan Cockrell 0-0: Called Strike
0-1: Foul Ball, location: 2F
0-2: Ball
1-2: Ball
2-2: Strikes out looking
Bottom of the 4th over - 1 run, 2 hits, 0 errors, 1 left on base; Danville 0 - Brooklyn 1
TOP OF THE 5TH
Danville Dairy Daddies batting - Pitching for Brooklyn Cyclones : RHP Jim Mecir
Batting: RHB Shawn Gilbert 0-0: Ball
1-0: SINGLE (Line Drive, 9S, EV 98.1 MPH)
Batting: SHB Joey Cora 0-0: Ball
1-0: Called Strike
1-1: Sac Bunt to 3S - play at first, batter OUT! 3-1
Shawn Gilbert to second
Batting: RHB Mike Blowers 0-0: Called Strike
0-1: Foul Ball, location: 2F
0-2: Ball
1-2: Foul Ball, location: 2F
1-2: Ball
2-2: Ball
3-2: Foul Ball, location: 2F
3-2: SINGLE (Groundball, 6S, EV 67.5 MPH) (infield hit)
Shawn Gilbert to third
Batting: LHB David Ortiz 0-0: Ball
1-0: Called Strike
1-1: Ball
2-1: SINGLE (Flyball, 7S, EV 86.9 MPH)
Shawn Gilbert scores
Mike Blowers to second
Batting: LHB Brant Brown 0-0: Fielders Choice at 2nd, 4-6 (Groundball, 4, EV 80.6 MPH)
Mike Blowers to third
Batting: LHB Rusty Greer 0-0: Ball
1-0: Ball
2-0: Ball
Wild Pitch!
Mike Blowers scores
Brant Brown to second
3-0: Base on Balls
Pitching: RHP Steve Reed
Batting: RHB Kevin Polcovich 0-0: Called Strike
0-1: Ball
1-1: Ground out U3 (Groundball, 3, EV 108.1 MPH)
Top of the 5th over - 2 runs, 3 hits, 0 errors, 2 left on base; Danville 2 - Brooklyn 1
BOTTOM OF THE 5TH
Brooklyn Cyclones batting - Pitching for Danville Dairy Daddies : RHP Cal Eldred
Batting: RHB Kevin Flora 0-0: Called Strike
0-1: Ground out 5-3 (Groundball, 56, EV 103.8 MPH)
Batting: RHB Onix Concepcion 0-0: SINGLE (Flyball, 89M, EV 97.5 MPH)
Batting: LHB Ray Giannelli 0-0: Ball
1-0: Called Strike
1-1: Fielders Choice at 2nd, 4-6 (Groundball, 4, EV 85.0 MPH)
Batting: RHB Jed Hansen 0-0: Ball
1-0: Fly out, F7 (Flyball, 7S, EV 84.4 MPH)
Bottom of the 5th over - 0 runs, 1 hit, 0 errors, 1 left on base; Danville 2 - Brooklyn 1
TOP OF THE 6TH
Danville Dairy Daddies batting - Pitching for Brooklyn Cyclones : RHP Steve Reed
Batting: RHB Erik Pappas 0-0: Called Strike
0-1: Called Strike
0-2: Foul Ball, location: 2F
0-2: Ball
1-2: Foul Ball, location: 2F
1-2: Foul Ball, location: 2F
1-2: Ball
2-2: Fly out, F9 (Flyball, 9LS, EV 84.4 MPH)
Batting: RHB Takahiro Ikeyama 0-0: Ball
1-0: Fly out, F7 (Flyball, 78D, EV 105.6 MPH)
Batting: RHB Shawn Gilbert 0-0: Ball
1-0: Called Strike
1-1: SINGLE (Line Drive, 89S, EV 103.8 MPH)
Pitching: RHP Todd Erdos
Batting: SHB Joey Cora 0-0: Ball
1-0: Ball
2-0: Called Strike
2-1: Ball
3-1: Foul Ball, location: 2F
3-2: Strikes out swinging
Top of the 6th over - 0 runs, 1 hit, 0 errors, 1 left on base; Danville 2 - Brooklyn 1
BOTTOM OF THE 6TH
Brooklyn Cyclones batting - Pitching for Danville Dairy Daddies : RHP Cal Eldred
Batting: SHB Turner Ward 0-0: Foul Ball, location: 2F
0-1: Ball
1-1: Ball
2-1: Foul Ball, location: 2F
2-2: Ball
3-2: SINGLE (Line Drive, 9S, EV 96.3 MPH)
Batting: RHB Brent Cookson 0-0: Ball
1-0: Foul Ball, location: 2F
1-1: Swinging Strike
1-2: Strikes out swinging
Batting: RHB Pedro Castellano 0-0: Called Strike
0-1: Ball
1-1: Fly out, F9 (Flyball, 9LSF, EV 79.4 MPH)
Batting: RHB Mike R. Fitzgerald 0-0: Called Strike
0-1: Ball
1-1: Ball
2-1: Fly out, F9 (Flyball, 9S, EV 90.6 MPH)
Bottom of the 6th over - 0 runs, 1 hit, 0 errors, 1 left on base; Danville 2 - Brooklyn 1
TOP OF THE 7TH
Danville Dairy Daddies batting - Pitching for Brooklyn Cyclones : RHP Todd Erdos
Batting: RHB Mike Blowers 0-0: Called Strike
0-1: Ball
1-1: Foul Ball, location: 2F
1-2: Ball
2-2: Foul Ball, location: 2F
2-2: Strikes out swinging
Batting: LHB David Ortiz 0-0: Foul Ball, location: 2F
0-1: Ball
1-1: SINGLE (Line Drive, 8LS, EV 98.1 MPH)
Pitching: RHP Darren Dreifort
Batting: LHB Brant Brown 0-0: Swinging Strike
0-1: 2-RUN HOME RUN (Flyball, 78XD, EV 98.1 MPH), Distance : 427 ft
Pitching: RHP Curt Lyons
Batting: LHB Rusty Greer 0-0: Ball
1-0: Ball
2-0: Ball
3-0: Base on Balls
Pitching: RHP Jose Cabrera
Batting: RHB Kevin Polcovich 0-0: Called Strike
0-1: Ball
1-1: Called Strike
1-2: Strikes out swinging
Batting: RHB Erik Pappas 0-0: Ball
1-0: Foul Ball, location: 2F
1-1: Ball
2-1: Swinging Strike
2-2: Ball
3-2: Strikes out swinging
Top of the 7th over - 2 runs, 2 hits, 0 errors, 1 left on base; Danville 4 - Brooklyn 1
BOTTOM OF THE 7TH
Brooklyn Cyclones batting - Pitching for Danville Dairy Daddies : RHP Cal Eldred
Batting: RHB Alan Cockrell 0-0: Ball
1-0: Ball
2-0: Ball
3-0: Called Strike
3-1: Base on Balls
Batting: RHB Kevin Flora 0-0: Ball
1-0: Ball
2-0: Ball
3-0: Called Strike
3-1: Fielders Choice at 2nd, 6-4 (Groundball, 6, EV 79.4 MPH)
Batting: RHB Onix Concepcion 0-0: Ball
1-0: Called Strike
1-1: Ball
2-1: Ground out 5-3 (Groundball, 56S, EV 71.3 MPH)
Kevin Flora to second
Batting: LHB Ray Giannelli 0-0: Foul Ball, location: 2F
0-1: Ball
1-1: Foul Ball, location: 2F
1-2: Ball
2-2: Ball
3-2: Strikes out swinging
Bottom of the 7th over - 0 runs, 0 hits, 0 errors, 1 left on base; Danville 4 - Brooklyn 1
TOP OF THE 8TH
Danville Dairy Daddies batting - Pitching for Brooklyn Cyclones : RHP Jose Cabrera
Batting: RHB Takahiro Ikeyama 0-0: Fly out, F8 (Line Drive, 8RM, EV 85.6 MPH)
Batting: RHB Shawn Gilbert 0-0: Called Strike
0-1: Foul Ball, location: 2F
0-2: Ball
1-2: Foul Ball, location: 2F
1-2: Fly out, F3 (Popup, 3SF, EV 86.3 MPH)
Batting: SHB Joey Cora 0-0: Called Strike
0-1: Ground out 6-3 (Groundball, 6, EV 83.8 MPH)
Top of the 8th over - 0 runs, 0 hits, 0 errors, 0 left on base; Danville 4 - Brooklyn 1
BOTTOM OF THE 8TH
Brooklyn Cyclones batting - Pitching for Danville Dairy Daddies : RHP Cal Eldred
Batting: RHB Jed Hansen 0-0: Called Strike
0-1: Ball
1-1: Ball
2-1: Foul Ball, location: 2F
2-2: Strikes out looking
Batting: SHB Turner Ward 0-0: Ball
1-0: Ball
2-0: Ground out 4-3 (Groundball, 4, EV 96.9 MPH)
Batting: RHB Brent Cookson 0-0: Ball
1-0: Ball
2-0: Swinging Strike
2-1: Fly out, F9 (Flyball, 89M, EV 91.3 MPH)
Bottom of the 8th over - 0 runs, 0 hits, 0 errors, 0 left on base; Danville 4 - Brooklyn 1
TOP OF THE 9TH
Danville Dairy Daddies batting - Pitching for Brooklyn Cyclones : RHP Jose Cabrera
Batting: RHB Mike Blowers 0-0: Ball
1-0: Called Strike
1-1: SOLO HOME RUN (Flyball, 7D, EV 108.1 MPH), Distance : 364 ft
Batting: LHB David Ortiz 0-0: Foul Ball, location: 2F
0-1: Foul Ball, location: 2F
0-2: Foul Ball, location: 2F
0-2: Foul Ball, location: 2F
0-2: Ball
1-2: SINGLE (Line Drive, 6D, EV 108.1 MPH)
Batting: LHB Brant Brown 0-0: 2-RUN HOME RUN (Flyball, 9LD, EV 100.6 MPH), Distance : 360 ft
Batting: LHB Rusty Greer 0-0: Ball
1-0: Swinging Strike
1-1: Foul Ball, location: 2F
1-2: Foul Ball, location: 2F
1-2: Strikes out swinging
Batting: RHB Kevin Polcovich 0-0: Called Strike
0-1: SINGLE (Line Drive, 89S, EV 91.3 MPH)
Batting: RHB Erik Pappas 0-0: Foul Ball, location: 2F
0-1: Ball
1-1: Ball
2-1: Foul Ball, location: 2F
2-2: Ball
3-2: Base on Balls
Kevin Polcovich to second
Batting: RHB Takahiro Ikeyama 0-0: Foul Ball, location: 2F
0-1: Foul Ball, location: 2F
0-2: Ball
1-2: Grounds into double play, 5-4-3 (Groundball, 56, EV 86.9 MPH)
Top of the 9th over - 3 runs, 4 hits, 0 errors, 1 left on base; Danville 7 - Brooklyn 1
BOTTOM OF THE 9TH
Brooklyn Cyclones batting - Pitching for Danville Dairy Daddies : RHP Cal Eldred
Batting: RHB Pedro Castellano 0-0: Called Strike
0-1: Called Strike
0-2: Strikes out swinging
Batting: RHB Mike R. Fitzgerald 0-0: Called Strike
0-1: Foul Ball, location: 2F
0-2: Ball
1-2: Strikes out looking
Batting: RHB Alan Cockrell 0-0: Swinging Strike
0-1: Called Strike
0-2: Strikes out swinging
Bottom of the 9th over - 0 runs, 0 hits, 0 errors, 0 left on base; Danville 7 - Brooklyn 1
Wednesday, January 21st, 2026 - OOTP Baseball 20.8 Build 74